[Event "Titled Tuesday Blitz April 4 Early 2023"]
[White "Shuvalov, Evgenij"]
[Black "Naroditsky, Daniel"]
[WhiteFideId "4187237"]
[BlackFideId "2026961"]
[WhiteElo "2080"]
[BlackElo "2633"]
[Result "0-1"]
[Round "01"]
[TimeControl "180+2"]
[Date "2023.04.04"]
[WhiteClock "0:00:17"]
[BlackClock "0:00:13"]

1. d4 Nf6 2. c4 g6 3. Nc3 Bg7 4. e4 d6 5. Nf3 O-O 6. Be2 e5 7. O-O exd4 8. Nxd4 Re8 9. f3 c6 10. Kh1 Nbd7 11. Nc2 Nb6 12. Bf4 d5 13. exd5 cxd5 14. c5 Nc4 15. Rb1 Bf5 16. Bd3 Nh5 17. Bxf5 Nxf4 18. Bd3 Qg5 19. g3 Nxd3 20. Qxd3 Rad8 21. f4 Qh5 22. Nd4 Re3 23. Qd1 Qxd1 24. Rfxd1 Nxb2 25. Rxb2 Rxc3 26. Rxb7 Rxc5 27. Rxa7 Re8 28. Ra4 h5 29. Kg2 Re4 30. Kf2 Kh7 31. Rd2 Rc3 32. a3 h4 33. Rb4 Rxa3 34. Nc6 Rxb4 35. Nxb4 Bc3 36. Rxd5 hxg3+ 37. hxg3 Bxb4 38. f5 g5 39. f6 Kg6 40. g4 Kxf6 41. Rf5+ Kg6 42. Kg2 Bd6 43. Rd5 Bf4 44. Rb5 Rg3+ 45. Kf2 Rxg4 46. Rb6+ f6 47. Kf3 Rg3+ 48. Kf2 Be3+ 49. Kxg3 Bxb6 50. Kf3 f5 0-1


[Site "https://www.chess.com"]

[Event "Titled Tuesday Blitz April 4 Early 2023"]
[White "Mamedov, Rauf"]
[Black "Gubajdullin, Alexei"]
[WhiteFideId "13401653"]
[BlackFideId "4141202"]
[WhiteElo "2635"]
[BlackElo "2279"]
[Result "1-0"]
[Round "01"]
[TimeControl "180+2"]
[Date "2023.04.04"]
[WhiteClock "0:00:35"]
[BlackClock "0:00:41"]

1. e4 e5 2. Nf3 Nf6 3. d3 Nc6 4. g3 Be7 5. Bg2 O-O 6. O-O Re8 7. c4 d6 8. Nc3 Nd7 9. Be3 Nc5 10. Nd5 Bg4 11. h3 Bxf3 12. Bxf3 Bf8 13. Bg2 Ne6 14. f4 Ned4 15. f5 Ne7 16. f6 Nxd5 17. exd5 g6 18. h4 Nf5 19. Rxf5 gxf5 20. Bg5 h6 21. Qh5 e4 22. dxe4 fxe4 23. Bh3 Re5 24. Be6 Qe8 25. Qg6+ Kh8 26. Bxf7 Qxf7 27. Qxf7 e3 28. Bf4 Re4 29. Re1 e2 30. Qxc7 Rae8 31. Kf2 1-0


[Site "https://www.chess.com"]

[Event "Titled Tuesday Blitz April 4 Early 2023"]
[White "Mogirzan, Matei-Valeriu"]
[Black "Bortnyk, Olexandr"]
[WhiteFideId "1257455"]
[BlackFideId "14120828"]
[WhiteElo "1733"]
[BlackElo "2734"]
[Result "0-1"]
[Round "01"]
[TimeControl "180+2"]
[Date "2023.04.04"]
[WhiteClock "0:00:04"]
[BlackClock "0:00:02"]

1. e4 Nf6 2. e5 Nd5 3. c4 Nb6 4. c5 Nd5 5. Nc3 e6 6. Ne4 d6 7. cxd6 cxd6 8. exd6 Bxd6 9. d4 Bb4+ 10. Bd2 Nc6 11. Nf3 O-O 12. Nc3 Qf6 13. a3 Ba5 14. b4 Bb6 15. Ne4 Qg6 16. Bd3 Nxd4 17. Nh4 f5 18. Nxg6 fxe4 19. Nxf8 exd3 20. O-O Kxf8 21. Be3 e5 22. Qxd3 Bf5 23. Qd1 Rd8 24. Qh5 Nf6 25. Qh4 Kf7 26. Kh1 Rd7 27. f4 e4 28. h3 Nd5 29. Bxd4 Bxd4 30. Rae1 e3 31. Qh5+ Bg6 32. Qf3 Bd3 33. f5 Bxf1 34. Qxf1 Bc3 35. Re2 Bd2 36. Qf3 h6 37. Qh5+ Kf8 38. Qf3 a6 39. Kh2 b5 40. h4 Rd6 41. Qg4 Nc3 42. Qf3 Nxe2 43. Qxe2 Rd7 44. Kg3 Re7 45. Kg4 Bc3 46. Kh5 Bb2 47. g4 Bxa3 48. g5 hxg5 49. hxg5 Bxb4 50. Kg6 Bc3 51. Qh5 Ke8 52. f6 gxf6 53. gxf6 Rf7 54. Qd5 Rxf6+ 55. Kg5 Ke7 56. Qe4+ Re6 57. Qb7+ Kf8 58. Qc8+ Re8 59. Qxc3 Re7 60. Qf6+ Ke8 61. Qc6+ Kf7 62. Qd5+ Kg7 63. Qd4+ Kf8 64. Kg6 Ke8 65. Qh8+ Kd7 66. Qd4+ Ke8 67. Qh8+ Kd7 68. Qh3+ Kc6 69. Qg2+ Kc5 70. Qg5+ Kd6 71. Qf6+ Re6 0-1


[Site "https://www.chess.com"]

[Event "Titled Tuesday Blitz April 4 Early 2023"]
[White "Svane, Rasmus"]
[Black "Ibadov, Dashgyn"]
[WhiteFideId "4657101"]
[BlackFideId "24107514"]
[WhiteElo "2597"]
[BlackElo "2208"]
[Result "1/2-1/2"]
[Round "01"]
[TimeControl "180+2"]
[Date "2023.04.04"]
[WhiteClock "0:00:23"]
[BlackClock "0:00:30"]

1. Nf3 d5 2. g3 Nd7 3. d4 Nb6 4. Nc3 c6 5. Bg2 Nf6 6. O-O h6 7. Nd2 Bf5 8. e4 dxe4 9. Ndxe4 Nxe4 10. Nxe4 e6 11. c3 Be7 12. Qe2 O-O 13. Re1 a5 14. Bf4 Nd5 15. Bd2 a4 16. Rad1 Qb6 17. c4 Nf6 18. Bc3 Nxe4 19. Bxe4 Bxe4 20. Qxe4 Bf6 21. d5 cxd5 22. cxd5 Bxc3 23. bxc3 exd5 24. Qxd5 Rac8 25. Rb1 Qc6 26. Qxc6 Rxc6 27. Rxb7 Rxc3 28. Ra7 Ra3 29. Re2 h5 30. Kg2 g6 31. Kh3 Kg7 32. f4 Rd8 33. Kh4 Rd5 34. h3 Rf5 35. Re4 Rxa2 36. g4 hxg4 37. hxg4 Rf6 38. Raxa4 Rxa4 39. Rxa4 1/2-1/2


[Site "https://www.chess.com"]

[Event "Titled Tuesday Blitz April 4 Early 2023"]
[White "Dushyant Sharma"]
[Black "Andreikin, Dmitry"]
[WhiteFideId "25065130"]
[BlackFideId "4158814"]
[WhiteElo "2198"]
[BlackElo "2736"]
[Result "0-1"]
[Round "01"]
[TimeControl "180+2"]
[Date "2023.04.04"]
[WhiteClock "0:00:04"]
[BlackClock "0:00:07"]

1. e4 c5 2. Nf3 e6 3. d4 cxd4 4. Nxd4 Nc6 5. Nc3 Qc7 6. f4 a6 7. Be3 b5 8. Bd3 Bb7 9. Nb3 d6 10. Qf3 Nf6 11. O-O Be7 12. Qh3 O-O 13. a3 Rac8 14. Kh1 b4 15. Ne2 bxa3 16. bxa3 Rfd8 17. Ned4 Nxd4 18. Bxd4 Nxe4 19. Rae1 d5 20. Qg4 g6 21. f5 exf5 22. Rxf5 Qd7 23. Ref1 f6 24. Na5 Ba8 25. h3 Qc7 26. Bxe4 dxe4 27. Bxf6 Bxf6 28. Rxf6 Qxa5 29. Rxg6+ Kh8 30. Rf7 Rd1+ 31. Kh2 Qe5+ 32. Qg3 Qxg3+ 33. Rxg3 Rg8 34. Rxg8+ Kxg8 35. Ra7 Bd5 36. Rd7 e3 37. c4 e2 0-1


[Site "https://www.chess.com"]

[Event "Titled Tuesday Blitz April 4 Early 2023"]
[White "Duda, Jan-Krzysztof"]
[Black "Vaglio Munoz, Jaime"]
[WhiteFideId "1170546"]
[BlackFideId "6500145"]
[WhiteElo "2790"]
[BlackElo "2199"]
[Result "1-0"]
[Round "01"]
[TimeControl "180+2"]
[Date "2023.04.04"]
[WhiteClock "0:01:59"]
[BlackClock "0:00:44"]

1. d4 e6 2. c4 d5 3. g3 a6 4. Bg2 b5 5. cxd5 exd5 6. Nc3 Bb7 7. Nh3 b4 8. Na4 Nd7 9. O-O Ngf6 10. Bg5 Be7 11. Rc1 O-O 12. Nf4 h6 13. Bxf6 Nxf6 14. Nc5 Bc6 15. Nce6 fxe6 16. Rxc6 Bd6 17. Nxe6 Qd7 18. Rxd6 Qxd6 19. Nxf8 Rxf8 20. Qc2 Rf7 21. Rc1 Re7 22. Bf3 Ne4 23. Qc6 Nd2 24. Bxd5+ Kh8 25. Qxd6 cxd6 26. e3 b3 27. axb3 a5 28. h4 g5 29. hxg5 hxg5 30. Rc6 Rd7 31. g4 Kg7 32. f3 Kf6 33. Kf2 Ke7 34. Ke2 Nxb3 35. Bxb3 Rb7 36. Rc3 a4 37. Bxa4 Rxb2+ 38. Bc2 d5 39. f4 gxf4 40. exf4 Kd6 41. g5 Rb8 42. f5 Rh8 43. g6 Rh2+ 44. Kf1 Rh4 45. Rg3 1-0


[Site "https://www.chess.com"]

[Event "Titled Tuesday Blitz April 4 Early 2023"]
[White "Flynn, Jacob"]
[Black "Hakobyan, Aram"]
[WhiteFideId "2509393"]
[BlackFideId "13306677"]
[WhiteElo "2053"]
[BlackElo "2584"]
[Result "0-1"]
[Round "01"]
[TimeControl "180+2"]
[Date "2023.04.04"]
[WhiteClock "0:00:03"]
[BlackClock "0:00:13"]

1. d4 Nf6 2. c4 e6 3. Nc3 Bb4 4. Qc2 c5 5. dxc5 Qc7 6. a3 Bxc5 7. Nf3 Qb6 8. e3 Be7 9. Be2 O-O 10. O-O d6 11. b4 a6 12. Bb2 Qc7 13. Rac1 Nbd7 14. Rfd1 b6 15. Nd4 Bb7 16. Bf3 Rac8 17. Ne4 Ne5 18. Nxf6+ Bxf6 19. Bxb7 Qxb7 20. Qb3 Rc7 21. Rc2 Rfc8 22. Rdc1 Qe4 23. f3 Qg6 24. e4 Bg5 25. Rd1 Nxc4 26. Bc1 Bf6 27. b5 Bxd4+ 28. Rxd4 Ne3 29. Bxe3 Rxc2 30. Bd2 axb5 31. Rxd6 h6 32. Qxb5 Qf6 33. Qd3 Qa1+ 34. Kf2 Qa2 35. Kg3 Qc4 36. Qxc4 R8xc4 37. Be3 Rb2 38. Rxb6 Re2 39. Rb3 Rcc2 40. Bf4 Rxg2+ 41. Kh3 Rb2 42. Rc3 Rgc2 43. Rd3 f6 44. Bg3 e5 45. f4 exf4 46. Bxf4 Rc4 47. Re3 Rb7 48. Bg3 Re7 49. e5 f5 50. Rf3 g6 51. Rb3 Kf7 52. Rb6 f4 53. Rf6+ Kg7 54. Rxf4 Rxf4 55. Bxf4 Ra7 56. Bc1 g5 57. Kg4 Kg6 58. Bb2 Ra4+ 59. Kf3 Kf5 60. h3 h5 61. Kg3 Rf4 0-1


[Site "https://www.chess.com"]

[Event "Titled Tuesday Blitz April 4 Early 2023"]
[White "Firouzja, Alireza"]
[Black "Forgacs, Attila Jr."]
[WhiteFideId "12573981"]
[BlackFideId "773654"]
[WhiteElo "2904"]
[BlackElo "2168"]
[Result "1-0"]
[Round "01"]
[TimeControl "180+2"]
[Date "2023.04.04"]
[WhiteClock "0:00:10"]
[BlackClock "0:00:05"]

1. d4 Nf6 2. Nf3 g6 3. g3 Bg7 4. c4 O-O 5. Bg2 d6 6. O-O Nc6 7. Nc3 e5 8. d5 Nb8 9. e4 a5 10. Ne1 Na6 11. Nd3 Nd7 12. Be3 Ndc5 13. Nxc5 Nxc5 14. a3 Bd7 15. b3 b6 16. Rb1 f5 17. exf5 Bxf5 18. Rb2 Qd7 19. Rd2 Rf7 20. f3 Raf8 21. g4 e4 22. gxf5 Bxc3 23. Rc2 exf3 24. Rxf3 Bg7 25. fxg6 hxg6 26. Rcf2 Rxf3 27. Rxf3 Rxf3 28. Qxf3 Qf5 29. Qxf5 gxf5 30. Bh3 Nxb3 31. Bxf5 Bd4 32. Kf2 Bc5 33. a4 Bxe3+ 34. Kxe3 Nc5 35. Bc2 Kf7 36. Kf4 Kf6 37. h4 Nd7 38. Bd1 Ne5 39. Be2 Ng6+ 40. Kg4 Ne5+ 41. Kh5 Nf7 42. Bf1 Kf5 43. Bd3+ Kf6 44. Be2 Kf5 45. Bf1 Kf6 46. Kg4 Ne5+ 47. Kg3 Kf5 48. Be2 Kf6 49. Kf2 Kf5 50. Ke3 Kf6 51. Ke4 Ng6 52. h5 Ne7 53. Kf4 Nf5 54. Bg4 Nd4 55. Bd7 Nb3 56. Bf5 Nc5 57. Bc2 Nd7 58. h6 Ne5 59. h7 Kg7 60. Kf5 Nxc4 61. Ke6 Kh8 62. Kd7 Ne3 63. Be4 Nc4 64. Kxc7 Nd2 65. Bc2 Nc4 66. Bd3 Ne5 67. Bb5 Nf3 68. Kxd6 Nd4 69. Ke5 Nxb5 70. axb5 a4 71. Kd4 a3 72. Kc3 Kxh7 73. d6 Kg7 74. d7 Kf7 75. d8=Q Ke6 76. Qc7 1-0


[Site "https://www.chess.com"]

[Event "Titled Tuesday Blitz April 4 Early 2023"]
[White "Turzo, Attila"]
[Black "Xiong, Jeffery"]
[WhiteFideId "704954"]
[BlackFideId "2047640"]
[WhiteElo "2513"]
[BlackElo "2726"]
[Result "1/2-1/2"]
[Round "01"]
[TimeControl "180+2"]
[Date "2023.04.04"]
[WhiteClock "0:00:33"]
[BlackClock "0:02:04"]

1. e4 e6 2. d4 d5 3. Bd3 dxe4 4. Bxe4 Nf6 5. Bf3 c5 6. Ne2 Be7 7. O-O O-O 8. Be3 Qc7 9. c3 Rd8 10. Qb3 Nbd7 11. Nd2 Rb8 12. Ne4 Nxe4 13. Bxe4 Nf6 14. Bf3 c4 15. Qc2 b5 16. Bf4 Bd6 17. Bxd6 Qxd6 18. Ng3 Nd5 19. Ne4 Qb6 20. Ng5 Nf6 21. Ne4 Nd5 22. Ng5 g6 23. h4 Bb7 24. h5 Nf6 25. hxg6 hxg6 26. Ne4 Bxe4 27. Bxe4 b4 28. Rab1 Kg7 29. Bf3 a5 30. a3 Qc7 31. axb4 axb4 32. g3 Rb5 33. Rbc1 Rdb8 34. Qd2 bxc3 35. bxc3 Nd5 36. Kg2 Qa5 37. Rh1 Kf6 1/2-1/2


[Site "https://www.chess.com"]

[Event "Titled Tuesday Blitz April 4 Early 2023"]
[White "Vidit, Santosh Gujrathi"]
[Black "Vakhidov, Shahzod"]
[WhiteFideId "5029465"]
[BlackFideId "14205270"]
[WhiteElo "2651"]
[BlackElo "2212"]
[Result "1-0"]
[Round "01"]
[TimeControl "180+2"]
[Date "2023.04.04"]
[WhiteClock "0:00:34"]
[BlackClock "0:00:03"]

1. e4 c5 2. Nf3 g6 3. d4 cxd4 4. Nxd4 Bg7 5. c4 Nc6 6. Be3 Nf6 7. Nc3 O-O 8. Be2 d6 9. O-O Bd7 10. Nc2 Rc8 11. f3 a6 12. Qd2 Ne5 13. b3 Kh8 14. a4 Qa5 15. Kh1 Nh5 16. Bd4 f5 17. f4 Ng4 18. Bxg7+ Nxg7 19. Bxg4 fxg4 20. Ne3 Qb4 21. Rab1 b5 22. Ned5 Qc5 23. axb5 e6 24. Ne3 axb5 25. Nxb5 Bxb5 26. cxb5 g3 27. hxg3 Nh5 28. Rf3 Nf6 29. Qd3 Qc3 30. Qxc3 Rxc3 31. e5 Ne4 32. Nc4 d5 33. Nd6 Nxg3+ 34. Kh2 Ne2 35. Rxc3 Nxc3 36. Rc1 d4 37. b6 Rb8 38. b7 Kg7 39. Rc2 h6 40. Rd2 1-0


[Site "https://www.chess.com"]

[Event "Titled Tuesday Blitz April 4 Early 2023"]
[White "Thecourseoisildur"]
[Black "Martinez Alcantara, Jose Eduardo"]
[BlackFideId "3805662"]
[WhiteElo "2513"]
[BlackElo "2711"]
[Result "0-1"]
[Round "01"]
[TimeControl "180+2"]
[Date "2023.04.04"]
[WhiteClock "0:00:01"]
[BlackClock "0:01:42"]

1. e4 c5 2. Nf3 d6 3. d4 cxd4 4. Nxd4 Nf6 5. Nc3 a6 6. Rg1 b5 7. g4 Bb7 8. g5 Nxe4 9. Nxe4 Bxe4 10. a4 b4 11. Rg3 e5 12. Re3 d5 13. Nf3 Nc6 14. c4 bxc3 15. bxc3 Bc5 16. Ba3 Bxa3 17. Rxa3 O-O 18. h4 f5 19. Nd2 Kh8 20. Rg3 f4 21. Rg1 Bf5 22. h5 e4 23. h6 Qe7 24. hxg7+ Kxg7 25. Qh5 Qxa3 26. Qh6+ Kg8 27. Bc4 Qc1+ 28. Ke2 f3+ 29. Ke3 Qxc3+ 30. Kf4 Qe5+ 31. Ke3 Qd4+ 32. Kf4 Bg6+ 33. Kg3 Qxd2 34. Bb3 Rab8 35. Qh4 Rxb3 36. Rh1 Qd4 37. Qg4 Qe5+ 38. Kh4 Rf4 39. Rg1 Rxg4+ 40. Kxg4 e3 41. fxe3 Rb4+ 42. Kh3 Bf5+ 43. Rg4 Bxg4+ 44. Kh4 Bf5+ 45. Kh5 Qh2# 0-1


[Site "https://www.chess.com"]

[Event "Titled Tuesday Blitz April 4 Early 2023"]
[White "Mitrabha, Guha"]
[Black "Perrine, Dalton"]
[WhiteFideId "5057000"]
[BlackFideId "2048434"]
[WhiteElo "2507"]
[BlackElo "2257"]
[Result "1-0"]
[Round "01"]
[TimeControl "180+2"]
[Date "2023.04.04"]
[WhiteClock "0:00:32"]
[BlackClock "0:00:03"]

1. Nf3 d5 2. c4 e6 3. g3 Nf6 4. Bg2 Be7 5. O-O O-O 6. b3 d4 7. e3 c5 8. exd4 cxd4 9. Re1 Nc6 10. d3 Nd7 11. Na3 Bb4 12. Re2 e5 13. Nc2 Bc3 14. Rb1 a5 15. Bd2 Bxd2 16. Qxd2 f6 17. a3 Nc5 18. b4 axb4 19. axb4 Na4 20. Ra1 Bg4 21. h3 Bh5 22. b5 Ne7 23. Ree1 Re8 24. Nb4 Qd6 25. Nh4 Nc5 26. Qc2 g5 27. Nf3 Bg6 28. Nd2 Kg7 29. Bf1 Qd7 30. Qb2 Qd6 31. Rxa8 Rxa8 32. Ra1 Na4 33. Qb3 Nc5 34. Qb1 Rxa1 35. Qxa1 b6 36. Qa7 Kf8 37. Be2 h6 38. Bf3 Nxd3 39. Nd5 Nxd5 40. Bxd5 Nc5 41. Qa8+ Ke7 42. Qg8 Be8 43. Qg7+ Kd8 44. Qxh6 Bxb5 45. h4 gxh4 46. gxh4 Be8 47. Qg7 Qe7 48. Qg8 e4 49. Qg3 Kc8 50. Bxe4 1-0


[Site "https://www.chess.com"]

[Event "Titled Tuesday Blitz April 4 Early 2023"]
[White "Krsnik Cohar, Ivan Vihor"]
[Black "Alekseenko, Kirill"]
[WhiteFideId "14520044"]
[BlackFideId "4135539"]
[WhiteElo "2414"]
[BlackElo "2683"]
[Result "0-1"]
[Round "01"]
[TimeControl "180+2"]
[Date "2023.04.04"]
[WhiteClock "0:00:03"]
[BlackClock "0:00:06"]

1. e4 c5 2. Ne2 Nf6 3. d3 Nc6 4. Nbc3 d6 5. h3 g6 6. g3 Bg7 7. Bg2 Rb8 8. Be3 O-O 9. O-O b5 10. f4 Bd7 11. d4 cxd4 12. Nxd4 b4 13. Nd5 Nxd5 14. exd5 Nxd4 15. Bxd4 Bxd4+ 16. Qxd4 Qb6 17. Qxb6 Rxb6 18. a3 Rc8 19. axb4 Rxc2 20. Rxa7 Bf5 21. Rxe7 Rxb4 22. Rf2 Rxf2 23. Kxf2 Rxb2+ 24. Kg1 h5 25. Ra7 Rb6 26. Rc7 Kf8 27. Kf2 Rb2+ 28. Kg1 Ke8 29. Rc6 Ke7 30. Rc7+ Bd7 31. g4 h4 32. Ra7 f5 33. gxf5 gxf5 34. Ra1 Rb4 35. Re1+ Kf6 36. Rf1 Bb5 37. Rf2 Rb1+ 38. Kh2 Rc1 39. Rf3 Rc2 40. Kg1 Re2 41. Rf2 Re3 42. Rf3 Re1+ 43. Kf2 Re2+ 44. Kg1 Bc4 45. Bf1 Rc2 46. Bxc4 Rxc4 47. Re3 Rxf4 48. Re6+ Kg5 49. Rxd6 Rd4 50. Rd8 Kf4 51. d6 Kf3 52. d7 f4 53. Rh8 Rxd7 54. Rxh4 Rd1+ 55. Kh2 Ke3 56. Rh8 f3 57. Re8+ Kf2 58. Rf8 Rd4 59. Rf7 Ra4 60. Rf8 Rb4 61. Rf7 Rh4 62. Rf8 Rh6 63. Rf7 Re6 64. Rf8 Ke2 65. Kg3 Rg6+ 66. Kh2 f2 67. Re8+ Kf1 68. h4 Rg2+ 69. Kh3 Kg1 70. Rf8 f1=Q 71. Rxf1+ Kxf1 72. h5 Kf2 73. h6 Rg6 74. Kh4 Rxh6+ 0-1


[Site "https://www.chess.com"]

[Event "Titled Tuesday Blitz April 4 Early 2023"]
[White "Van Foreest, Jorden"]
[Black "Terletsky, Oleg"]
[WhiteFideId "1039784"]
[BlackFideId "14116774"]
[WhiteElo "2633"]
[BlackElo "2084"]
[Result "1-0"]
[Round "01"]
[TimeControl "180+2"]
[Date "2023.04.04"]
[WhiteClock "0:02:22"]
[BlackClock "0:00:02"]

1. d4 Nf6 2. Nf3 g6 3. c4 Bg7 4. Nc3 O-O 5. e4 d6 6. Be3 Ng4 7. Bg5 h6 8. Bh4 g5 9. Bg3 Nc6 10. h3 Nf6 11. d5 Nb8 12. Bd3 e5 13. dxe6 fxe6 14. e5 Nh5 15. Qe2 Nxg3 16. fxg3 Nd7 17. Qe4 Rf5 18. Bc2 Nxe5 19. Nd4 c6 20. O-O-O d5 21. cxd5 cxd5 22. Qe2 Rf7 23. Kb1 Nc4 24. Qd3 Qb6 25. Nb3 Bd7 26. Rhf1 Rf5 27. Rxf5 exf5 28. Nxd5 Qb5 29. Nc7 Qb4 30. Qxd7 Nxb2 31. Nxa8 Na4 32. Qe8+ Bf8 33. Qe6+ Kh8 34. Qf6+ Kg8 35. Bxf5 Nc3+ 36. Kc2 Nxd1 37. Be6+ Kh7 38. Qf7+ Bg7 39. Bf5+ Kh8 40. Qe8+ Qf8 41. Qxf8+ Bxf8 42. Kxd1 Bd6 43. g4 1-0


[Site "https://www.chess.com"]

[Event "Titled Tuesday Blitz April 4 Early 2023"]
[White "Padmini, Rout"]
[Black "Gholami Orimi, Mahdi"]
[WhiteFideId "5029295"]
[BlackFideId "12558486"]
[WhiteElo "2314"]
[BlackElo "2363"]
[Result "1/2-1/2"]
[Round "01"]
[TimeControl "180+2"]
[Date "2023.04.04"]
[WhiteClock "0:00:25"]
[BlackClock "0:00:38"]

1. e4 e5 2. Nf3 Nc6 3. Bb5 Nf6 4. d3 Bd6 5. O-O O-O 6. Nc3 a6 7. Bxc6 dxc6 8. d4 Nd7 9. dxe5 Nxe5 10. Nxe5 Bxe5 11. f4 Bxc3 12. bxc3 Qxd1 13. Rxd1 Re8 14. f5 g6 15. f6 Bg4 16. Re1 Rad8 17. h3 Bf5 18. Bf4 Bxe4 19. Bxc7 Rd2 20. Rad1 Rxd1 21. Rxd1 Bd5 22. a4 g5 23. a5 h6 24. c4 Bxc4 25. Rd8 Rxd8 26. Bxd8 Kh7 27. Kf2 Kg6 28. g4 Bd5 29. c3 h5 30. Kg3 Bc4 31. Be7 Bf1 32. Bd8 c5 33. gxh5+ Kxh5 34. Be7 c4 35. Bd8 Kg6 36. Be7 Kf5 37. Bd8 Ke6 38. Be7 Be2 39. h4 gxh4+ 40. Kxh4 Kd7 41. Kg5 Kc6 42. Bd8 Kb5 43. Kf4 Bd3 44. Ke3 Kc5 45. Bb6+ Kd5 46. Kf4 Bg6 47. Bd8 Kd6 48. Bb6 Kd5 49. Bd8 Be4 50. Bb6 Bg2 51. Bd8 Bf1 52. Bb6 Bd3 53. Bd8 b5 54. axb6 Kc6 55. Ke3 Kb7 56. Kd2 a5 57. Kc1 Be4 58. Kb2 Bc6 59. Ka3 Bd7 60. Bc7 Bc6 61. Bd8 Ka6 62. Bc7 Kb5 63. Bd8 Kc5 64. Bc7 Kd5 65. Bd8 Ke5 66. Be7 Ke4 67. Bd8 Kd3 68. Kb2 a4 69. Be7 Bb7 70. Bc5 Bc6 71. Be7 Ke4 72. Bc5 Ke5 73. Be7 Kf5 74. Ka3 Ke4 75. b7 Bxb7 76. Kxa4 Kd5 77. Kb4 Bc8 78. Bd8 Be6 79. Be7 Ke5 80. Bd8 Kf5 81. Be7 Kg6 82. Kc5 Kh7 83. Kd4 Kg8 84. Ke5 Kh8 85. Kd4 Kh7 86. Ke5 Kg6 87. Kd4 Kh5 88. Bd8 Kg4 89. Be7 Kf3 90. Bd8 Kf4 91. Be7 Kf5 92. Bd8 Kg6 93. Be7 Kf5 94. Bd8 Kf4 95. Be7 Kf3 96. Bd8 Ke2 97. Be7 Kd1 98. Bd8 Kc2 99. Be7 Kb3 100. Bd8 Ka4 101. Be7 Kb5 102. Bf8 Kc6 103. Be7 Kd7 104. Ke5 Ke8 105. Kd4 Kd7 106. Ke5 Bg4 107. Kd4 Be2 108. Ke5 Bd3 109. Kd4 Ke6 110. Kc5 Ke5 111. Kb4 Be2 112. Kc5 Ke4 113. Kb4 Bg4 114. Bd8 Kd5 115. Be7 Be6 116. Kb5 1/2-1/2


[Site "https://www.chess.com"]

[Event "Titled Tuesday Blitz April 4 Early 2023"]
[White "Korobov, Anton"]
[Black "Sousa, Andre Ventura"]
[WhiteFideId "14105730"]
[BlackFideId "1917617"]
[WhiteElo "2638"]
[BlackElo "2348"]
[Result "1-0"]
[Round "01"]
[TimeControl "180+2"]
[Date "2023.04.04"]
[WhiteClock "0:00:21"]
[BlackClock "0:00:18"]

1. d4 Nf6 2. c4 e6 3. Nc3 d5 4. cxd5 exd5 5. Bg5 c6 6. e3 h6 7. Bh4 Be7 8. Qc2 O-O 9. Bd3 Re8 10. Nf3 Ne4 11. Bxe4 Bxh4 12. Bh7+ Kh8 13. Ne5 Be6 14. O-O Nd7 15. f4 Nxe5 16. dxe5 Qb6 17. g3 Qxe3+ 18. Kg2 Be7 19. Rae1 Qc5 20. f5 Bd7 21. e6 Bf6 22. exd7 Rxe1 23. Rxe1 Kxh7 24. Qe2 Qd6 25. Qe8 Rd8 26. Qxf7 Qxd7 27. Qg6+ Kh8 28. Re6 Rf8 29. h4 Bxc3 30. bxc3 d4 31. f6 gxf6 32. Qxh6+ Kg8 33. Qg6+ Kh8 34. Rxf6 Qd5+ 35. Kh2 Qc5 36. Qh6+ Kg8 37. Rg6+ Kf7 38. Rg7+ Ke8 39. Qe6+ Kd8 40. Qd7# 1-0


[Site "https://www.chess.com"]

[Event "Titled Tuesday Blitz April 4 Early 2023"]
[White "Ljukin, Sergei"]
[Black "Movahed, Sina"]
[WhiteFideId "14102200"]
[BlackFideId "42520835"]
[WhiteElo "2312"]
[BlackElo "2225"]
[Result "0-1"]
[Round "01"]
[TimeControl "180+2"]
[Date "2023.04.04"]
[WhiteClock "0:00:01"]
[BlackClock "0:00:08"]

1. e4 c5 2. Nf3 d6 3. d4 cxd4 4. Nxd4 Nf6 5. Nc3 a6 6. Bg5 e6 7. f4 Be7 8. Qf3 Qc7 9. O-O-O Nbd7 10. g4 b5 11. Bxf6 Nxf6 12. g5 Nd7 13. f5 O-O 14. Rg1 b4 15. Nce2 e5 16. f6 exd4 17. fxe7 Re8 18. Nxd4 Ne5 19. Qg3 Rxe7 20. Nf5 Bxf5 21. exf5 Rc8 22. Rg2 Qc5 23. Rgd2 Rec7 24. Kb1 a5 25. Qg2 Rc6 26. Qe2 Kf8 27. Bg2 R6c7 28. f6 Nc4 29. Rd5 Qe3 30. Re1 Qf4 31. Qd3 g6 32. Re4 Qxh2 33. Rxc4 Rxc4 34. Rxd6 Re8 35. Rd8 Qe5 36. b3 Rc8 37. Rd7 Qxg5 0-1


[Site "https://www.chess.com"]

[Event "Titled Tuesday Blitz April 4 Early 2023"]
[White "Lenderman, Aleksandr"]
[Black "Goffredo_Fofi"]
[WhiteFideId "2021285"]
[WhiteElo "2607"]
[BlackElo "2506"]
[Result "1-0"]
[Round "01"]
[TimeControl "180+2"]
[Date "2023.04.04"]
[WhiteClock "0:02:03"]
[BlackClock "0:01:14"]

1. Nf3 Nf6 2. c4 g6 3. g3 Bg7 4. Bg2 O-O 5. O-O d6 6. d4 Nc6 7. Nc3 a6 8. b3 Rb8 9. d5 Na5 10. Bg5 b5 11. cxb5 axb5 12. b4 Nc4 13. Nd4 Bd7 14. Rc1 Qe8 15. Nc6 Bxc6 16. dxc6 Ne5 17. Bxf6 exf6 18. Nd5 Qd8 19. a4 bxa4 20. Qxa4 f5 21. b5 Rc8 22. b6 cxb6 23. c7 Qd7 24. Qxd7 Nxd7 25. Ne7+ Kh8 26. Nxc8 Rxc8 27. Bb7 1-0


[Site "https://www.chess.com"]

[Event "Titled Tuesday Blitz April 4 Early 2023"]
[White "Yu, Jason"]
[Black "Rasulov, Vugar"]
[WhiteFideId "30907624"]
[BlackFideId "13402390"]
[WhiteElo "2501"]
[BlackElo "2509"]
[Result "0-1"]
[Round "01"]
[TimeControl "180+2"]
[Date "2023.04.04"]
[WhiteClock "0:00:49"]
[BlackClock "0:01:49"]

1. e4 e5 2. Nf3 Nc6 3. Bc4 Bc5 4. c3 Nf6 5. d4 exd4 6. cxd4 Bb4+ 7. Bd2 Bxd2+ 8. Nbxd2 d5 9. exd5 Nxd5 10. O-O O-O 11. Rc1 Nb6 12. Bb3 Bg4 13. h3 Bh5 14. Rc5 Bg6 15. Re1 a5 16. a3 a4 17. Ba2 Nxd4 18. Ne5 c6 19. Nxg6 hxg6 20. Qg4 Nd7 21. Rc4 c5 22. Ne4 Ne5 0-1


[Site "https://www.chess.com"]

[Event "Titled Tuesday Blitz April 4 Early 2023"]
[White "Hovhannisyan, Robert"]
[Black "Shevtchenko, Olesya"]
[WhiteFideId "13302507"]
[BlackFideId "24131890"]
[WhiteElo "2570"]
[BlackElo "2003"]
[Result "1-0"]
[Round "01"]
[TimeControl "180+2"]
[Date "2023.04.04"]
[WhiteClock "0:00:04"]
[BlackClock "0:00:12"]

1. Nc3 d5 2. Nf3 Nf6 3. d3 c5 4. e4 g6 5. e5 Ng4 6. Bf4 Nc6 7. h3 Nh6 8. g4 f6 9. Qe2 e6 10. exf6 Qxf6 11. Bg5 Qg7 12. Nxd5 Qxb2 13. Bf6 Nd4 14. Nc7+ Kf7 15. Bxd4 cxd4 16. Rd1 Qc3+ 17. Nd2 Qxc7 18. Bg2 Bd7 19. O-O Bd6 20. f4 Kg7 21. Ne4 Rhf8 22. Qf2 Bxf4 23. Qxd4+ e5 24. Qb2 Bc6 25. Kh1 Rf7 26. c4 Raf8 27. Rde1 Ng8 28. c5 Bxe4 29. Rxe4 Ne7 30. Rb4 Nc6 31. Re4 Nd4 32. Qa3 a6 33. Qb4 g5 34. Qc4 Rc8 35. Rxd4 exd4 36. Qxd4+ Qe5 37. Rxf4 gxf4 38. Qxe5+ Rf6 39. Qg5+ Rg6 40. Qe5+ Kg8 41. Bxb7 Rf8 42. Bd5+ Rf7 43. Qe8+ Kg7 44. Qxf7+ Kh6 45. Qxf4+ 1-0


[Site "https://www.chess.com"]

[Event "Titled Tuesday Blitz April 4 Early 2023"]
[White "Jovic, Stanoje"]
[Black "Bacrot, Etienne"]
[WhiteFideId "905020"]
[BlackFideId "605506"]
[WhiteElo "2236"]
[BlackElo "2663"]
[Result "1/2-1/2"]
[Round "01"]
[TimeControl "180+2"]
[Date "2023.04.04"]
[WhiteClock "0:01:07"]
[BlackClock "0:00:31"]

1. c4 e5 2. g3 Be7 3. Bg2 Nc6 4. Nc3 f5 5. d3 Nf6 6. Nf3 O-O 7. O-O d6 8. Rb1 Qe8 9. b4 Bd8 10. b5 Ne7 11. Bg5 Qh5 12. Bxf6 Rxf6 13. e3 Rh6 14. Nh4 Qe8 15. f4 Rb8 16. Nd5 Kh8 17. Nxe7 Bxe7 18. Nf3 Bf6 19. h4 Rg6 20. Kh2 Bd8 21. a4 Rf6 22. d4 exf4 23. exf4 Re6 24. Re1 Bf6 25. Rxe6 Bxe6 26. d5 Bf7 27. Qd3 Bh5 28. Re1 Qd7 29. Bh3 g6 30. Re6 Kg7 31. Nd4 Re8 32. Bxf5 gxf5 33. Nxf5+ Kf7 34. Nh6+ Kg7 35. Nf5+ Kf7 36. Nh6+ Kg7 37. Nf5+ 1/2-1/2


[Site "https://www.chess.com"]